 Dungeon Crawl Stone Soup version 0.20.0-10-g0535bb4 (webtiles) character file.

439712 Haldmier the Warrior (level 24, -8/265 HPs)
             Began as an Ogre Earth Elementalist on June 2, 2017.
             Was the Champion of Ashenzari.
             Killed from afar by an ogre mage (33 damage)
             ... with a bolt of lightning
             ... summoned by a boggart
             ... on level 2 of the Depths on June 3, 2017.
             The game lasted 07:11:48 (78391 turns).

Haldmier the Warrior (Ogre Earth Elementalist)     Turns: 78391, Time: 07:11:49

Health: -8/265     AC: 27    Str: 17    XL:     24   Next: 8%
Magic:  37/37      EV: 15    Int: 15    God:    Ashenzari [******]
Gold:   2556       SH: 16    Dex: 10    Spells: 1/43 levels left

rFire    + + .     SeeInvis +   J - +8 morningstar of Satemp {pain, rN+++ Str-4 Stlth+} (curse)
rCold    + . .     Gourm    .   c - +3 shield (curse)
rNeg     + + +     Faith    .   v - +8 fire dragon scales (curse)
rPois    +         Spirit   .   g - +0 mask of the Dragon {MR+ Slay+3 SInv} (curse)
rElec    .         Reflect  +   R - +2 ratskin cloak {+Rats rPois rN+ Str-1 Int-1 Dex+1} (curse)
rCorr    +         Harm     .   (gloves unavailable)
MR       ++++.     Clarity  +   (boots unavailable)
Stlth    +.........             Q - +3 amulet of reflection (curse)
Regen    0.6/turn               M - ring of protection from cold (curse)
MPRegen  0.3/turn               e - ring of Xemycwaj {rCorr rC+ MR+ Dex-5}

@: very slightly contaminated
A: unfitting armour, tough skin 1
}: 2/15 runes: barnacled, gossamer
a: Curse Item, Scrying, Transfer Knowledge, Renounce Religion, Evoke Ratskin


You were on level 2 of the Depths.
You worshipped Ashenzari.
Ashenzari was exalted by your worship.
You were not hungry.

You visited 9 branches of the dungeon, and saw 41 of its levels.
You also visited: Sewer and Ice Cave.

You collected 5083 gold pieces.
You spent 2527 gold pieces at shops.

Inventory:

Hand Weapons
 J - the cursed +8 morningstar of Satemp (weapon) {pain, rN+++ Str-4 Stlth+}
   (You found it on level 11 of the Dungeon)

   In the hands of one skilled in necromantic magic, it inflicts extra damage on
   living creatures.
   It affects your strength (-4).
   It renders you almost immune to negative energy.
   It makes you more stealthy.
   It has a curse placed upon it.
Missiles
 b - 1093 stones (quivered)
 D - 7 throwing nets
 F - 67 large rocks
Armour
 c - a cursed +3 shield (worn)
 g - the cursed +0 mask of the Dragon (worn) {MR+ Slay+3 SInv}
   (You found it on level 4 of the Spider Nest)

   It affects your accuracy and damage with ranged weapons and melee attacks
   (+3).
   It affects your resistance to hostile enchantments.
   It lets you see invisible.
   It has a curse placed upon it.
 v - cursed +8 fire dragon scales (worn)
 R - the cursed +2 ratskin cloak (worn) {+Rats rPois rN+ Str-1 Int-1 Dex+1}
   (You bought it in a shop on level 2 of the Orcish Mines)

   It affects your strength (-1).
   It affects your intelligence (-1).
   It affects your dexterity (+1).
   It protects you from poison.
   It protects you from negative energy.
   It has a curse placed upon it.
Jewellery
 e - the ring of Xemycwaj (right hand) {rCorr rC+ MR+ Dex-5}
   (You bought it in a shop on level 2 of the Depths)

   [ring of resist corrosion]

   It affects your dexterity (-5).
   It protects you from cold.
   It affects your resistance to hostile enchantments.
 p - the ring "Reaclyin" {rF+ Str+2}
   (You acquired it on level 10 of the Dungeon)

   [ring of protection from fire]

   It affects your strength (+2).
   It protects you from fire.
 M - a cursed ring of protection from cold (left hand)
 N - the amulet of Kixeoris {rPois rN+ Regen+}
   (You found it on level 3 of the Crypt)

   [amulet of regeneration]

   It protects you from poison.
   It protects you from negative energy.
   It increases your rate of regeneration.
 O - the ring of Noykk {rC+ rN+}
   (You found it on level 3 of the Crypt)

   [ring of positive energy]

   It protects you from cold.
   It protects you from negative energy.
 P - the ring of Twilight {rElec rN+ Int+3}
   (You found it on level 3 of the Crypt)

   [ring of positive energy]

   It affects your intelligence (+3).
   It insulates you from electricity.
   It protects you from negative energy.
 Q - a cursed +3 amulet of reflection (around neck)
 T - an uncursed ring of resist corrosion
Wands
 o - a wand of lightning (11/15)
 Z - a wand of acid (4/15)
Scrolls
 h - 2 scrolls of fog
 m - 17 scrolls of teleportation
 u - 4 scrolls of fear
 w - 10 scrolls of remove curse
 x - 3 scrolls of identify
 C - 3 scrolls of magic mapping
 G - 4 scrolls of blinking
 W - a scroll of summoning
Potions
 a - a potion of mutation
 f - 16 potions of curing
 i - 3 potions of lignification
 j - 3 potions of magic
 n - 3 potions of resistance
 q - 2 potions of might
 r - 2 potions of invisibility
 z - 3 potions of brilliance
 E - 2 potions of heal wounds
 I - 2 potions of haste
 K - 6 potions of agility
 U - a potion of cancellation
Miscellaneous
 s - a fan of gales
 S - a phial of floods
 Y - a lamp of fire
Comestibles
 d - 16 bread rations
 k - 22 fruits
 t - 15 meat rations


   Skills:
 - Level 20.0 Fighting
 - Level 11.4(15.6) Maces & Flails
 - Level 14.0(18.0) Armour
 - Level 16.1(20.0) Dodging
 - Level 2.0 Stealth
 - Level 6.2(9.3) Shields
 - Level 0.1 Unarmed Combat
 - Level 10.0 Spellcasting
 + Level 11.8(14.5) Conjurations
 - Level 7.0(10.1) Charms
 - Level 6.0(9.1) Summonings
 - Level 13.0(15.7) Necromancy
 - Level 2.0(4.2) Translocations
 - Level 2.0(4.3) Transmutations
 - Level 4.0(6.8) Ice Magic
 - Level 5.0(8.0) Air Magic
 + Level 13.6(16.2) Earth Magic


You had one spell level left.
You knew the following spells:

 Your Spells              Type           Power        Failure   Level  Hunger
a - Sandblast             Erth           ######       1%          1    None
b - Passwall              Tmut/Erth      #####.....   1%          2    None
c - Stone Arrow           Conj/Erth      ######       1%          3    None
d - Petrify               Tmut/Erth      #####...     3%          4    ###....
e - Lee's Rapid Deconstr  Erth           ######....   1%          5    #####..
f - Summon Ice Beast      Ice/Summ       ####....     9%          4    ###....
g - Summon Lightning Spi  Summ/Air       ####....     7%          4    ###....
h - Iron Shot             Conj/Erth      ######....   7%          6    ######.
i - Sublimation of Blood  Necr           ######....   1%          2    None
j - Apportation           Tloc           ###...       4%          1    None
k - Regeneration          Chrm/Necr      #####.....   1%          3    None
l - Dispel Undead         Necr           ######..     1%          5    #####..
m - Swiftness             Chrm/Air       ####....     1%          2    None


Dungeon Overview and Level Annotations

Branches:
Dungeon (15/15)            Temple (1/1) D:7            Lair (6/6) D:8
 Shoals (4/4) Lair:2       Spider (4/4) Lair:2        Slime (0/5) Lair:5
    Orc (2/2) D:11            Elf (0/3) Orc:2        Vaults (4/5) D:13
  Crypt (3/3) Vaults:3       Tomb (0/3) Crypt:3      Depths (2/5) D:15

Altars:
Ashenzari
Cheibriados
Dithmenos
Elyvilon
Fedhas
Gozag
Hepliaklqana
Kikubaaqudgha
Makhleb
Nemelex Xobeh
Okawaru
Qazlal
Ru
Sif Muna
Trog
Uskayaw
Vehumet
Xom
Yredelemnul
Zin
The Shining One
Beogh

Shops:
D:7 ?(:   D:14 [   Orc:2 }!**   Shoals:2 *   Vaults:2 %   Depths:1 =%
Depths:2 =}=

Portals:
Hell: Depths:1 Depths:2
Abyss: Depths:2

Annotations:
Vaults:4 Boris


Innate Abilities, Weirdness & Mutations

You are too large for most types of armour.
You have tough skin. (AC +1)


Message History

The ogre mage casts a spell at you. The bolt of lightning hits you!
You see here 2 arrows.
Your skin is crawling a little less now.
The ogre mage hits you but does no damage.
The ogre mage gestures at you while chanting.
The bolt of lightning hits you!
* * * LOW HITPOINT WARNING * * *
There is a one-way gate to the infinite horrors of the Abyss here.
Your skin stops crawling.
The ogre mage casts a spell at you. The bolt of lightning misses you.
You block the ogre mage's attack.
The ogre mage points at you and mumbles some strange words.
The bolt of lightning hits you!
* * * LOW HITPOINT WARNING * * *
The ogre mage is no longer moving quickly.
The ogre mage gestures at you while chanting.
The bolt of lightning hits you!
You die...

......#...........#.#...........#
#'.#.⌠#............##.....(.....#
...##.#...#..###..#.#...{#......#
...#..[...#...#....##..{........#
...#.).........O.O#.#...........#
#'#..........O.#.#{###..........#
.............{#.#.#.O#..........#
..............######∩######)....#
..#####......OO.@..#..#{#.#)....#
.#.# ##...#..##.>.###.#O#{.)..##
#### ###.##########.#........##
### ##.........#. #.#........[.
##........... #.#..........
##........[.. #............


You could see a two-headed ogre and an ogre mage.

Vanquished Creatures
  An ancient lich (Crypt:3)
  Mennas (Vaults:3)
  Sojobo (Vaults:3)
  A curse toe (Crypt:3)
  A bone dragon (Crypt:3)
  Arachne (Spider:4)
  3 liches
  Asterion (Vaults:1)
  Polyphemus (Shoals:4)
  A titan (Vaults:4)
  2 sphinxes
  Frances (Spider:1)
  12 ancient champions
  A kraken (Shoals:4)
  Kirke (Spider:1)
  4 tengu reavers
  Ilsuiw (Shoals:4)
  4 revenants (Crypt:3)
  A storm dragon (Vaults:2)
  The ghost of itsmu the Grappler, a journeyman TrWr of Yredelemnul (Depths:1)
  Donald (Shoals:4)
  3 fire giants
  6 frost giants
  4 ghost moths
  10 vault wardens
  6 emperor scorpions
  A curse skull (Crypt:3)
  Aizul (Spider:1)
  An orc warlord (Orc:1)
  5 ghouls
  7 ironheart preservers
  A war gargoyle (Vaults:4)
  5 very ugly things (Depths:2)
  8 vampire knights
  6 entropy weavers
  3 stone giants
  2 spark wasps (Spider:4)
  A deep elf annihilator (Vaults:4)
  Azrael (Lair:2)
  3 merfolk javelineers (Shoals:4)
  Snorg (Lair:4)
  6 deep elf death magi
  3 eidola
  8 ettins
  14 merfolk impalers
  15 yaktaur captains
  7 fire dragons
  14 ogre magi
  Josephine (Lair:5)
  2 great orbs of eyes (Vaults:3)
  13 jiangshi
  2 rakshasas
  A spriggan air mage (Depths:2)
  12 vault guards
  Harold (Lair:3)
  4 ice dragons
  A catoblepas (Shoals:4)
  7 merfolk avatars
  6 hydras
  8 centaur warriors
  6 death yaks
  5 death knights
  48 two-headed ogres
  3 merfolk aquamancers
  A tengu warrior (Depths:2)
  Urug (D:13)
  2 deep troll shamans
  An orc high priest (Orc:2)
  6 deep troll earth magi
  2 spriggan berserkers (Depths:2)
  8 vampire magi
  2 soul eaters (Crypt:1)
  2 deep elf knights (Vaults:1)
  A hell knight (Depths:2)
  25 skeletal warriors
  4 shadow wraiths
  An iron troll (D:13)
  A titan skeleton (Crypt:2)
  5 unseen horrors
  7 flayed ghosts
  13 sea snakes
  19 deep trolls
  A ghost moth zombie (Crypt:3)
  12 ironbrand convokers
  3 glowing orange brains
  3 wizards
  A deep elf archer (Vaults:4)
  5 phantasmal warriors
  7 wolf spider zombies
  24 wolf spiders
  18 harpies
  4 necromancers
  2 orc sorcerers
  12 orc knights
  An oklob plant (Shoals:3)
  A stone giant zombie (Crypt:2)
  A faun (shapeshifter) (Depths:2)
  A human zombie (Vaults:3)
  15 manticores
  26 orb spiders
  47 ugly things
  7 fauns
  9 deep elf magi
  11 cyclopes
  2 frost giant zombies
  13 elephants
  4 moths of wrath
  6 merfolk sirens
  A guardian serpent (shapeshifter) (Depths:2)
  7 vault sentinels
  3 gargoyles
  4 centaur skeletons
  12 spiny frogs
  6 black mambas
  4 torpor snails
  8 water nymphs
  A shock serpent skeleton (Crypt:3)
  A storm dragon simulacrum (Crypt:2)
  19 demonic crawlers
  25 yaktaurs
  A dire elephant skeleton (Crypt:2)
  5 kobold demonologists
  14 rime drakes
  6 freezing wraiths
  8 redback zombies (Spider:3)
  A white draconian zombie (Crypt:1)
  9 komodo dragons
  2 ice devils (Lair:1)
  A white draconian skeleton (Crypt:2)
  13 trolls
  16 polar bears
  6 meliai
  55 jumping spiders
  A yaktaur skeleton (Vaults:3)
  10 wind drakes
  A wind drake (shapeshifter) (Vaults:4)
  39 merfolk
  12 tarantella zombies (Spider:3)
  13 hornets
  9 snapping turtles
  13 dream sheep
  12 hippogriffs
  14 blink frogs
  A harpy skeleton (Crypt:1)
  12 flying skulls
  4 shadows
  13 water elementals
  103 redbacks
  11 wraiths
  56 yaks
  28 tarantellas
  3 vampires
  A human (D:11)
  2 fire elementals (Lair:2)
  7 wyverns
  4 fire bats (Depths:1)
  A basilisk (Lair:1)
  4 hungry ghosts
  6 vampire mosquitoes
  Menkaure (D:6)
  11 steam dragons
  4 wargs
  A soldier ant (shapeshifter) (Vaults:1)
  A spiny frog zombie (Crypt:3)
  18 water moccasins
  A glowing shapeshifter zombie (Crypt:3)
  2 acid dragons
  7 hell hounds
  A two-headed ogre skeleton (Crypt:3)
  A merfolk skeleton (Crypt:1)
  18 porcupines
  35 orc warriors
  2 phantoms
  A spiny frog skeleton (Crypt:2)
  2 ice beasts
  4 black bears
  58 ogres
  3 necrophages
  9 boggarts
  15 wolves
  11 centaurs
  A blink frog zombie (Crypt:1)
  A swamp dragon skeleton (Crypt:2)
  2 human skeletons
  2 lindwurm skeletons
  5 big kobolds
  11 crocodiles
  21 bullfrogs
  A gnoll sergeant (D:11)
  An ogre simulacrum (Vaults:1)
  A spiny frog simulacrum (Crypt:3)
  2 wyvern skeletons
  4 jellies
  3 scorpions
  36 killer bees
  A human simulacrum (Vaults:1)
  2 electric eels (Lair:6)
  3 howler monkeys
  8 crimson imps
  A wolf skeleton (Crypt:3)
  11 hounds
  4 bullfrog zombies
  15 orc wizards
  23 orc priests
  7 iguanas
  7 hell rats (Lair:3)
  12 worker ants
  A sky beast zombie (Crypt:3)
  A tengu zombie (Crypt:2)
  2 naga zombies
  A hound zombie (D:10)
  A hound skeleton (D:10)
  Robin (D:4)
  3 worker ant zombies
  19 gnolls
  19 adders
  8 river rats (Lair:3)
  4 shadow imps
  8 oozes
  An adder zombie (D:8)
  An adder skeleton (D:9)
  A halfling skeleton (Crypt:1)
  5 worms
  2 dart slugs
  16 leopard geckos
  128 orcs
  25 giant cockroaches
  19 hobgoblins
  7 quokkas
  11 ball pythons
  8 bats
  9 frilled lizards
  A giant cockroach zombie (Crypt:3)
  15 goblins
  A jackal zombie (D:9)
  22 kobolds
  A leopard gecko skeleton (D:4)
  25 rats
  A bush (Lair:1)
  A plant (Lair:1)
  5 tentacles (Shoals:4)
2012 creatures vanquished.

Vanquished Creatures (collateral kills)
  Jorgrun (Spider:4)
  A merfolk aquamancer (Shoals:4)
  A two-headed ogre (Orc:1)
  2 orb spiders (Spider:4)
  A merfolk (Shoals:4)
  A hornet (D:15)
  5 yaks (D:13)
  An orc warrior (D:12)
  An ice beast (D:14)
  An ogre (Orc:2)
  A big kobold (D:12)
  2 kobolds (D:12)
18 creatures vanquished.

Vanquished Creatures (others)
  2 merfolk javelineers (Shoals:4)
  3 satyrs
  A cyclops (Shoals:2)
  A faun (Shoals:3)
  A yaktaur (Vaults:2)
  A jumping spider (Spider:2)
  2 polar bears (IceCv)
  5 humans
  An ogre (Orc:2)
  2 wolves (IceCv)
  2 centaurs
  2 adders (D:2)
  A giant cockroach (D:2)
  A goblin (D:2)
  A rat (D:2)
  15 fungi
  18 plants
  6 tentacles (Shoals:4)
65 creatures vanquished.

Grand Total: 2095 creatures vanquished

Notes
Turn   | Place    | Note
-------+----------+-------------------------------------------
     0 | D:1      | Haldmier the Ogre Earth Elementalist began the quest for the Orb.
     0 | D:1      | Reached XP level 1. HP: 16/16 MP: 3/3
   445 | D:1      | Reached XP level 2. HP: 21/24 MP: 5/5
   480 | D:1      | Learned a level 2 spell: Passwall
  1052 | D:1      | Reached XP level 3. HP: 10/31 MP: 5/7
  2137 | D:1      | Learned a level 3 spell: Stone Arrow
  2354 | D:1      | Reached XP level 4. HP: 34/40 MP: 8/8
  2652 | D:2      | Reached skill level 1 in Fighting
  3446 | D:2      | Reached skill level 1 in Conjurations
  3836 | D:2      | Reached XP level 5. HP: 47/48 MP: 5/10
  5322 | D:3      | Found a shattered altar of Ashenzari.
  5542 | D:3      | Found a stormy altar of Qazlal.
  5595 | D:3      | Reached XP level 6. HP: 50/57 MP: 11/11
  5612 | D:3      | Became a worshipper of Ashenzari the Shackled
  6379 | D:4      | Reached skill level 2 in Fighting
  6738 | D:4      | Noticed Robin
  6784 | D:4      | Killed Robin
  7187 | D:4      | Reached XP level 7. HP: 46/66 MP: 2/13
  7668 | D:4      | Identified the +8 quarterstaff of the Wilderness {crush, rF+ Int+6}
  7913 | D:5      | Entered Level 5 of the Dungeon
  7962 | D:5      | Found a glowing drain.
  7966 | Sewer    | Entered a sewer
  8805 | D:5      | Reached * piety under Ashenzari
  8879 | D:5      | Reached skill level 5 in Staves
  8879 | D:5      | Reached XP level 8. HP: 74/74 MP: 7/14
  9557 | D:6      | Identified the +3 hunting sling of Xufanaaf {freeze, *Corrode rPois Int+4 Stlth+}
 10544 | D:7      | Found a staircase to the Ecumenical Temple.
 10566 | D:7      | Noticed Menkaure
 10586 | D:6      | Killed Menkaure
 10586 | D:6      | Reached XP level 9. HP: 30/80 MP: 15/15
 10882 | Temple   | Entered the Ecumenical Temple
 10885 | Temple   | Reached ** piety under Ashenzari
 11091 | D:7      | Found Kiloaxt's Antique Weapon Emporium.
 11108 | D:7      | Found Nuqaf's Magic Scroll Shop.
 11117 | D:7      | Bought a scroll of enchant weapon for 90 gold pieces
 11117 | D:7      | Bought a scroll of identify for 24 gold pieces
 11121 | D:7      | Bought a scroll of remove curse for 36 gold pieces
 11803 | D:7      | Reached skill level 10 in Staves
 11904 | D:7      | Found Loaplus's Book Shop.
 12130 | D:7      | Reached skill level 3 in Fighting
 12913 | D:8      | Reached skill level 4 in Fighting
 12969 | D:8      | Found a glowing silver altar of Zin.
 12974 | D:8      | Found a blossoming altar of Fedhas.
 12982 | D:8      | Found a hide-covered altar of Uskayaw.
 13146 | D:8      | Found a roughly hewn altar of Beogh.
 13154 | D:8      | Reached skill level 5 in Spellcasting
 13698 | D:8      | Reached XP level 10. HP: 89/94 MP: 14/17
 13720 | D:8      | Reached skill level 5 in Fighting
 13842 | D:8      | Found a staircase to the Lair.
 13862 | D:8      | Reached skill level 5 in Earth Magic
 14477 | Lair:1   | Entered Level 1 of the Lair of Beasts
 14493 | Lair:1   | Reached *** piety under Ashenzari
 14514 | Lair:1   | Found a frozen archway.
 14732 | IceCv    | Entered an ice cave
 14756 | IceCv    | Reached skill level 6 in Fighting
 14890 | IceCv    | Reached skill level 5 in Dodging
 15411 | IceCv    | Learned a level 4 spell: Petrify
 15642 | IceCv    | Reached skill level 7 in Fighting
 15845 | IceCv    | Reached XP level 11. HP: 109/109 MP: 12/21
 15915 | IceCv    | Reached skill level 5 in Conjurations
 15992 | IceCv    | Learned a level 5 spell: Lee's Rapid Deconstruction
 16945 | IceCv    | Reached skill level 8 in Fighting
 17205 | IceCv    | Noticed a frost giant
 18180 | IceCv    | Killed a frost giant
 19007 | D:8      | Reached skill level 9 in Fighting
 19409 | Lair:1   | Reached XP level 12. HP: 101/123 MP: 17/24
 19737 | Lair:1   | Noticed a four-headed hydra
 19751 | Lair:1   | Killed a four-headed hydra
 19887 | Lair:1   | Found a radiant altar of Vehumet.
 21818 | Lair:2   | Found a hole to the Spider Nest.
 22081 | Lair:2   | Reached skill level 10 in Fighting
 23091 | Lair:3   | Reached skill level 1 in Transmutations
 23656 | Lair:3   | Reached skill level 11 in Fighting
 24014 | Lair:3   | Noticed Harold
 24055 | Lair:3   | Reached XP level 13. HP: 76/137 MP: 20/26
 24355 | Lair:3   | Killed Harold
 26423 | Lair:1   | Learned a level 4 spell: Summon Ice Beast
 26428 | Lair:1   | Learned a level 4 spell: Summon Lightning Spire
 26471 | Lair:4   | Reached **** piety under Ashenzari
 26798 | Lair:4   | Reached skill level 1 in Ice Magic
 26824 | Lair:4   | Reached skill level 1 in Air Magic
 26841 | Lair:4   | Reached skill level 12 in Fighting
 26974 | Lair:4   | Reached skill level 1 in Summonings
 27315 | Lair:4   | Noticed Snorg
 28085 | Lair:4   | Killed Snorg
 28176 | Lair:5   | Noticed Josephine
 28466 | Lair:5   | Killed Josephine
 28501 | Lair:5   | Found a staircase to the Slime Pits.
 28586 | Lair:5   | Noticed a fire dragon
 28822 | D:9      | Reached ***** piety under Ashenzari
 29029 | D:9      | Found a stormy altar of Qazlal.
 29507 | D:10     | Entered Level 10 of the Dungeon
 29612 | D:10     | Identified 2 scrolls of acquirement
 29612 | D:10     | Identified the cursed ring "Reaclyin" {rF+ Str+2} (You acquired it on level 10 of the Dungeon)
 30559 | D:11     | Identified the +6 long sword "Tuen" {holy, rC+ Str+6}
 30605 | D:11     | Found a staircase to the Orcish Mines.
 30645 | D:11     | Reached XP level 14. HP: 130/149 MP: 27/27
 30980 | D:11     | Reached skill level 10 in Dodging
 31416 | D:11     | Identified the +8 morningstar of Satemp {pain, rN+++ Str-4 Stlth+}
 31570 | Orc:1    | Entered Level 1 of the Orcish Mines
 31600 | Orc:1    | Found a roughly hewn altar of Beogh.
 31798 | Orc:2    | Entered Level 2 of the Orcish Mines
 32599 | Orc:2    | Reached skill level 10 in Earth Magic
 32602 | Orc:2    | Paralysed by an ogre mage for 3 turns
 32607 | Orc:2    | Reached skill level 13 in Fighting
 32613 | Orc:2    | Noticed an orc warlord
 33552 | Orc:1    | Killed an orc warlord
 33552 | Orc:1    | Reached skill level 5 in Summonings
 34211 | Orc:1    | Reached skill level 5 in Air Magic
 35265 | Orc:1    | Reached skill level 14 in Fighting
 35403 | Orc:2    | Reached XP level 15. HP: 163/163 MP: 18/28
 35549 | Orc:2    | Found Vyiwamume's General Store.
 35549 | Orc:2    | Found a staircase to the Elven Halls.
 35550 | Orc:2    | Found Paup's Assorted Antiques.
 35572 | Orc:2    | Found Duhiwiedgh's Distillery.
 35577 | Orc:2    | Found Ijimaluts's Gadget Shoppe.
 35602 | Orc:2    | Bought a dented emerald amulet for 170 gold pieces
 35605 | Orc:2    | Bought a small silver amulet for 170 gold pieces
 35611 | Orc:2    | Bought the +2 ratskin cloak {+Rats rPois rN+ Str-1 Int-1 Dex+1} for 361 gold pieces
 35611 | Orc:2    | Bought a potion of resistance for 130 gold pieces
 36876 | Lair:6   | Entered Level 6 of the Lair of Beasts
 37041 | Lair:6   | Reached skill level 1 in Armour
 37627 | Lair:6   | Reached skill level 15 in Fighting
 37659 | Lair:6   | Reached ****** piety under Ashenzari
 38249 | Lair:6   | Identified the cursed +2 shortbow of Batrekku {venom, -Tele rC++ Dex+2}
 40493 | D:7      | Bought a book of Power for 495 gold pieces
 40500 | D:7      | Learned a level 6 spell: Iron Shot
 40503 | D:7      | Learned a level 2 spell: Sublimation of Blood
 40505 | D:7      | Learned a level 1 spell: Apportation
 40968 | D:13     | Reached skill level 1 in Necromancy
 40997 | D:13     | Reached XP level 16. HP: 75/179 MP: 25/29
 41200 | D:13     | Noticed Urug
 41220 | D:13     | Killed Urug
 41220 | D:13     | Reached skill level 1 in Translocations
 41581 | D:13     | Found a gate to the Vaults.
 41752 | D:13     | Reached skill level 16 in Fighting
 42446 | D:14     | Found Ufaharer's Armour Boutique.
 43764 | D:15     | Entered Level 15 of the Dungeon
 43793 | D:15     | Found a staircase to the Depths.
 44038 | D:15     | Paralysed by a hornet for 1 turns
 44105 | D:15     | Reached skill level 1 in Maces & Flails
 45541 | Spider:1 | Entered Level 1 of the Spider Nest
 45541 | Spider:1 | Noticed Azrael
 45577 | Lair:2   | Killed Azrael
 45754 | Lair:2   | Reached skill level 10 in Spellcasting
 46896 | Spider:1 | Noticed Frances
 46899 | Spider:1 | Noticed Aizul
 47064 | Spider:1 | Killed Frances
 47164 | Spider:1 | Killed Aizul
 47164 | Spider:1 | Reached skill level 5 in Maces & Flails
 47164 | Spider:1 | Reached XP level 17. HP: 145/187 MP: 16/31
 47260 | Spider:1 | Reached skill level 5 in Necromancy
 48019 | Spider:2 | Noticed Kirke
 48033 | Spider:1 | Noticed a sphinx
 48045 | Spider:1 | Killed Kirke
 50981 | Spider:2 | Reached skill level 10 in Maces & Flails
 51610 | Spider:3 | Reached skill level 1 in Shields
 52410 | Spider:3 | Reached skill level 5 in Shields
 52740 | Spider:4 | Entered Level 4 of the Spider Nest
 52740 | Spider:4 | Identified the +1 leather armour "Milo" {rN+ MR+}
 52806 | Spider:4 | Reached XP level 18. HP: 196/196 MP: 24/32
 52864 | Spider:4 | Reached skill level 5 in Armour
 53023 | Spider:4 | Reduced skill Staves to level 5
 53037 | Spider:4 | Noticed Jorgrun
 53085 | Spider:4 | Killed Jorgrun
 53273 | Spider:4 | Noticed Arachne
 54686 | Spider:4 | Killed Arachne
 55749 | Spider:4 | Got a gossamer rune of Zot
 56266 | Lair:1   | Identified the cursed ring of Denuseph {Str-4 Int+4 Dex+3} (You acquired it on level 1 of the Lair of Beasts)
 56329 | Lair:1   | Identified the +1 helmet "Reuvven" {*Contam *Corrode +Inv rElec Stlth+}
 56378 | D:7      | Bought a book of Battle for 440 gold pieces
 56382 | D:7      | Learned a level 3 spell: Regeneration
 56513 | Lair:2   | Found a staircase to the Shoals.
 56527 | Shoals:1 | Entered Level 1 of the Shoals
 56600 | Shoals:1 | Reached skill level 1 in Charms
 56618 | Shoals:1 | Reduced skill Staves to level 1
 57585 | Shoals:2 | Found Zavuwet's Assorted Antiques.
 58028 | Shoals:2 | Reached XP level 19. HP: 192/206 MP: 33/33
 58495 | Shoals:3 | Reached skill level 5 in Charms
 58597 | Shoals:3 | Reached skill level 10 in Armour
 58709 | Shoals:3 | Found a radiant altar of Vehumet.
 59424 | Shoals:4 | Entered Level 4 of the Shoals
 59655 | Shoals:4 | Identified the Papyrus of Lethal Companions
 59713 | Shoals:4 | Noticed Donald
 59737 | Shoals:4 | Killed Donald
 59770 | Shoals:4 | Noticed Polyphemus
 59897 | Shoals:4 | Killed Polyphemus
 60059 | Shoals:4 | Noticed Ilsuiw
 60245 | Shoals:4 | Killed Ilsuiw
 61712 | Shoals:4 | Got a barnacled rune of Zot
 61846 | Shoals:4 | Reached XP level 20. HP: 177/215 MP: 30/34
 62212 | Lair:1   | Upgraded the game from 0.20.0-8-g6b59dc7 to 0.20.0-10-g0535bb4
 62382 | Vaults:1 | Entered Level 1 of the Vaults
 62679 | Vaults:1 | Found a portal to a secret trove of treasure.
 63212 | Vaults:1 | Reached skill level 10 in Necromancy
 63330 | Vaults:1 | Noticed Asterion
 63354 | Vaults:1 | Killed Asterion
 64900 | Vaults:2 | Reached XP level 21. HP: 223/223 MP: 35/35
 65466 | Vaults:2 | Found Ygeulix's Food Shoppe.
 65820 | Vaults:3 | Found a staircase to the Crypt.
 66105 | Vaults:3 | Noticed Mennas
 66163 | Vaults:3 | Killed Mennas
 66579 | Vaults:3 | Reached skill level 15 in Dodging
 66651 | Vaults:3 | Noticed Sojobo
 66884 | Vaults:3 | Killed Sojobo
 67537 | Vaults:3 | Reached skill level 17 in Fighting
 68063 | Vaults:4 | Noticed Boris
 68337 | Vaults:4 | Reached XP level 22. HP: 230/236 MP: 36/36
 68728 | Vaults:4 | Reached skill level 18 in Fighting
 70011 | Lair:1   | Learned a level 5 spell: Dispel Undead
 70324 | Crypt:1  | Entered Level 1 of the Crypt
 72776 | Crypt:2  | Reached skill level 19 in Fighting
 72887 | Crypt:3  | Entered Level 3 of the Crypt
 72974 | Crypt:3  | Found a staircase to the Tomb.
 73421 | Crypt:3  | Noticed an ancient lich
 73432 | Crypt:3  | Killed an ancient lich
 73432 | Crypt:3  | Reached XP level 23. HP: 208/252 MP: 12/37
 73910 | Crypt:3  | Found a blossoming altar of Fedhas.
 74513 | Crypt:3  | Noticed a curse toe
 74576 | Crypt:3  | Killed a curse toe
 74886 | Crypt:3  | Reached skill level 20 in Fighting
 75006 | Crypt:3  | Found an ancient bone altar of Kikubaaqudgha.
 75009 | Crypt:3  | Found a basalt altar of Yredelemnul.
 75026 | Crypt:3  | Identified the amulet of Kixeoris {rPois rN+ Regen+}
 75055 | Crypt:3  | Identified the cursed +1 mace "Davon" {flame, *Slow rN+ MR++ Dex-2}
 75055 | Crypt:3  | Identified the cursed +0 shortbow of Douceunk {venom, rElec MR+ Dex-4}
 75085 | Crypt:3  | Identified the ring of Awicecot {rC+ SInv}
 75096 | Crypt:3  | Identified the ring of Noykk {rC+ rN+}
 75096 | Crypt:3  | Identified the ring of Twilight {rElec rN+ Int+3}
 75562 | Lair:1   | Learned a level 2 spell: Swiftness
 75813 | Depths:1 | Entered Level 1 of the Depths
 75832 | Depths:1 | Reached skill level 10 in Conjurations
 76297 | Depths:1 | Noticed itsmu's ghost (journeyman TrWr)
 76307 | Depths:1 | Killed itsmu's ghost
 76432 | Depths:1 | Found Semoll's Food Shoppe.
 76432 | Depths:1 | Found Okizes's Jewellery Emporium.
 76575 | Depths:1 | Found a gateway to Hell.
 77503 | Depths:2 | Found a one-way gate to the infinite horrors of the Abyss.
 77859 | Depths:2 | Reached XP level 24. HP: 199/265 MP: 37/37
 78025 | Depths:2 | Found a shattered altar of Ashenzari.
 78298 | Depths:2 | Found Sogaobin's Jewellery Emporium.
 78298 | Depths:2 | Found Iklymeq's Gadget Boutique.
 78299 | Depths:2 | Found Lidin's Jewellery Emporium.
 78310 | Depths:2 | Bought the ring of Xemycwaj {rCorr rC+ MR+ Dex-5} for 611 gold pieces
 78344 | Depths:2 | Paralysed by a floating eye for 4 turns
 78355 | Depths:2 | HP: 10/265 [stone giant/large rock[a boggart] (34)]
 78391 | Depths:2 | Killed from afar by an ogre mage

Skill      XL: |  1  2  3  4  5  6  7  8  9 10 11 12 13 14 15 16 17 18 19 20 21 22 23 |
---------------+----------------------------------------------------------------------+-----
Earth Magic    | 3 4 6 7 8 9 10 11 13 | 13.6
Dodging        | 2 3 4 5 6 8 9 10 12 13 14 15 16 | 16.1
Spellcasting   | 3 4 5 6 8 9 10 | 10.0
Stealth        | 2 |  2.0
Fighting       | 1 2 4 7 9 11 12 14 15 16 17 19 20 | 20.0
Conjurations   | 1 2 3 4 6 7 8 9 11 | 11.8
Staves         | 5 8 10 7 0 |  0.0
Transmutations | 2 |  2.0
Ice Magic      | 3 4 |  4.0
Air Magic      | 2 5 |  5.0
Summonings     | 3 6 |  6.0
Armour         | 4 9 11 12 13 14 | 14.0
Necromancy     | 1 4 5 7 8 11 13 | 13.0
Translocations | 2 |  2.0
Maces & Flails | 5 11 | 11.4
Shields        | 6 |  6.2
Charms         | 4 7 |  7.0
Unarmed Combat | |  0.1

Action                   |  1- 3 |  4- 6 |  7- 9 | 10-12 | 13-15 | 16-18 | 19-21 | 22-24 || total
-------------------------+-------+-------+-------+-------+-------+-------+-------+-------++-------
Melee: Unarmed           |    30 |       |       |       |       |       |       |       ||    30
       Club              |   163 |   270 |    16 |       |       |       |       |       ||   449
       Quarterstaff      |       |       |   279 |   561 |  1644 |  1366 |       |       ||  3850
       Morningstar       |       |       |       |       |       |   805 |  1945 |  1530 ||  4280
Throw: Stone             |       |       |     1 |       |     6 |       |       |       ||     7
 Cast: Sandblast         |    14 |    20 |    13 |       |     3 |     1 |       |       ||    51
       Stone Arrow       |       |    55 |    50 |    78 |    80 |    31 |     3 |       ||   297
       Petrify           |       |       |       |    64 |   206 |   195 |    15 |     8 ||   488
       Lee's Rapid Decon |       |       |       |     1 |       |     6 |       |       ||     7
       Summon Lightning  |       |       |       |       |     3 |     8 |     2 |     1 ||    14
       Summon Ice Beast  |       |       |       |       |     1 |     4 |     3 |       ||     8
       Iron Shot         |       |       |       |       |       |    10 |       |       ||    10
       Regeneration      |       |       |       |       |       |     8 |   151 |    90 ||   249
       Dispel Undead     |       |       |       |       |       |       |       |    61 ||    61
Invok: Curse Item        |       |       |     1 |       |     4 |     3 |     2 |       ||    10
       Scrying           |       |       |       |     1 |       |     2 |     2 |       ||     5
       Transfer Knowledg |       |       |       |       |       |     3 |       |       ||     3
 Abil: Evoke Ratskin     |       |       |       |       |     1 |       |       |       ||     1
Evoke: Phial of floods   |       |       |       |       |     1 |       |     1 |       ||     2
  Use: Scroll            |       |     4 |    13 |     6 |     7 |    18 |     4 |     5 ||    57
       Potion            |       |       |     2 |     2 |     1 |     2 |     4 |     1 ||    12
 Stab: Sleeping          |     1 |     3 |     8 |     2 |     7 |    16 |       |       ||    37
       Distracted        |       |       |     1 |     1 |     3 |     3 |       |       ||     8
       Petrified         |       |       |       |   126 |   309 |   272 |    25 |    15 ||   747
       Petrifying        |       |       |       |    14 |    23 |    29 |     7 |       ||    73
  Eat: Chunk             |     4 |    23 |    20 |    33 |    66 |    46 |    48 |    16 ||   256
       Royal jelly       |       |       |     1 |     3 |     1 |    12 |       |     6 ||    23
       Fruit             |       |       |       |       |       |     5 |       |    23 ||    28
       Meat ration       |       |       |       |       |       |     1 |       |     1 ||     2
       Bread ration      |       |       |       |       |       |       |       |     1 ||     1
Armor: Robe              |    74 |    89 |    47 |    58 |    11 |       |       |       ||   279
       Skin              |       |       |     3 |       |       |       |       |       ||     3
       Troll leather arm |       |       |       |       |   195 |   444 |       |       ||   639
       Fire dragon scale |       |       |       |       |       |    59 |   569 |   408 ||  1036
Dodge: Dodged            |   139 |   187 |   147 |   209 |   851 |  1398 |   769 |   479 ||  4179
Block: Other             |       |       |       |       |    53 |   124 |       |       ||   177
       Reflection        |       |       |       |       |     3 |     7 |   113 |    17 ||   140
       Shield            |       |       |       |       |       |   581 |  1321 |   909 ||  2811
